 Dungeon Crawl Stone Soup version 0.25.1-9-gc5326a611f (webtiles) character file.

Game seed: 10978462291651806639

46 alasdair19 the Cudgeler (level 3, -2/30 HPs)
             Began as a Minotaur Gladiator on Nov 25, 2021.
             Slain by an orc
             ... wielding a +0 mace
              (5 damage)
             ... on level 3 of the Dungeon on Dec 15, 2021.
             The game lasted 00:11:00 (1845 turns).

alasdair19 the Cudgeler (Minotaur Gladiator)        Turns: 1845, Time: 00:11:00

Health: -2/30      AC:  5    Str: 19    XL:     3   Next: 44%
Magic:  2/2        EV: 12    Int:  5    God:
Gold:   43         SH:  0    Dex: 11    Spells: 2/2 levels left

rFire    . . .     SeeInvis .   a - +0 flail
rCold    . . .     Gourm    .   (no shield)
rNeg     . . .     Faith    .   h - +0 ring mail
rPois    .         Spirit   .   c - +0 hat
rElec    .         Reflect  .   (no cloak)
rCorr    .         Harm     .   (no gloves)
MR       .....                  (no boots)
Stlth    +.........             (no amulet)
HPRegen  0.10/turn              (no ring)
MPRegen  0.08/turn              (no ring)

@: no status effects
A: retaliatory headbutt, horns 2
a: no special abilities


You were on level 3 of the Dungeon.
You were not hungry.

You visited 1 branch of the dungeon, and saw 3 of its levels.

You collected 43 gold pieces.

Inventory:

Hand Weapons
 a - a +0 flail (weapon)
 m - a +0 falchion
Missiles
 d - a throwing net (quivered)
 n - 99 stones
Armour
 b - a +0 leather armour
 c - a +0 hat (worn)
 h - a +0 ring mail (worn)
Jewellery
 p - a cursed ring of teleportation {unknown}
Scrolls
 e - a scroll of identify {unknown}
 g - 2 scrolls of teleportation {unknown}
Potions
 i - 2 potions of stabbing {unknown}
 j - 2 potions of heal wounds {unknown}
 k - a potion of cancellation {unknown}
 l - a potion of berserk rage {unknown}
Comestibles
 f - 2 rations


   Skills:
 + Level 2.9 Fighting
 + Level 4.2 Maces & Flails
 + Level 2.2 Throwing
 + Level 0.6 Armour
 + Level 4.0 Dodging
 + Level 0.1 Stealth


You had 2 spell levels left.
You didn't know any spells.
Your spell library was empty.

Dungeon Overview and Level Annotations

Branches:
Dungeon (3/15)

Altars:


Innate Abilities, Weirdness & Mutations

You reflexively headbutt those who attack you in melee.
You have a pair of horns on your head.


Message History

You headbutt the orc!
You kill the orc!
The orc barely misses you. The orc hits you but does no damage.
The orc hits you with a +0 war axe.
* * * LOW HITPOINT WARNING * * *
You barely miss the orc. You headbutt the orc!
You kill the orc!
The orc hits you but does no damage. The orc hits you with a +0 mace.
* * * LOW HITPOINT WARNING * * *
The orc barely misses you. You furiously retaliate!
You headbutt the orc!
You kill the orc!
You closely miss the orc. The orc misses you. You furiously retaliate!
You headbutt the orc!
You kill the orc!
The orc barely misses you. The orc closely misses you. You furiously retaliate!
You headbutt the orc, but do no damage. The orc hits you but does no damage.
The orc barely misses you.
You closely miss the orc. The orc hits you but does no damage.
The orc hits you with a +0 mace.
You die...

###########
#.o@o.....#
#..(..ooo.....#
#..............
#.....#+#######
...... ##.###
#. ## #.# #...
.....#. #.# ...
... #####..
....... ... ...
...


You could see 5 orcs.

Vanquished Creatures
  2 adders (D:2)
  A leopard gecko (D:1)
  5 orcs (D:3)
  2 bats
  A giant cockroach (D:3)
  A goblin (D:3)
  A hobgoblin (D:2)
  6 jackals
  A frilled lizard (D:2)
  3 fungi (D:1)
  2 plants (D:1)
25 creatures vanquished.

Notes
Turn   | Place    | Note
-------+----------+-------------------------------------------
     0 | D:1      | alasdair19 the Minotaur Gladiator began the quest for the
                  | Orb.
     0 | D:1      | Reached XP level 1. HP: 18/18 MP: 0/0
   246 | D:2      | Reached XP level 2. HP: 20/25 MP: 1/1
  1389 | D:2      | Reached XP level 3. HP: 15/30 MP: 2/2
  1845 | D:3      | Slain by an orc

Illustrated notes

Levels and vault maps discovered:
D:1:      lemuel_arrival_muddy, layout_basic
D:2:      layout_loops_ring
D:3:      layout_basic, first_ration, minmay_circle_x, uniq_sigmund

Skill      XL: |  1  2  3 |
---------------+----------+-----
Maces & Flails | 4 |  4.2
Dodging        | 4 |  4.0
Fighting       | |  2.9
Throwing       | |  2.2
Armour         | |  0.6
Stealth        | |  0.1

Action                   || total
-------------------------++-------
Melee: Flail             ||    81
       Headbutt          ||    18
       Falchion          ||     5
Throw: Throwing net      ||     6
  Use: Scroll            ||     1
       Potion            ||     1
  Eat: Ration            ||     1
Armor: Leather armour    ||     7
       Ring mail         ||     6
Dodge: Dodged            ||    39
       Rpst.: Falchion   ||     1
